 Dungeon Crawl Stone Soup version 0.19.1-1-g22dce08 (webtiles) character file.

438 Lennu the Insei (level 6, -5/47 HPs)
             Began as a Draconian Transmuter on Jan 6, 2017.
             Slain by a worker ant (8 damage)
             ... on level 4 of the Dungeon.
             The game lasted 00:16:44 (4113 turns).

Lennu the Insei (Draconian Transmuter)              Turns: 4113, Time: 00:16:45

Health: -5/47      AC:  8    Str: 13    XL:     6   Next: 69%
Magic:  11/11      EV: 13    Int: 13    God:
Gold:   201        SH:  0    Dex: 13    Spells: 1 memorised, 10 levels left

rFire  . . .     SeeInvis .       - Unarmed
rCold  . . .     Gourm    .     (armour unavailable)
rNeg   + . .     Faith    .     (no shield)
rPois  .         Spirit   .     (helmet restricted)
rElec  .         Reflect  .     (no cloak)
rCorr  .         Harm     .     l - +1 pair of gloves
MR     .....                    (no boots)
Stlth  ++........               (no amulet)
                                (no ring)
                                n - ring of positive energy

@: no status effects
A: unfitting armour, cold-blooded, AC +6
a: no special abilities


You were on level 4 of the Dungeon.
You were not hungry.

You visited 1 branch of the dungeon, and saw 4 of its levels.

You collected 201 gold pieces.

Inventory:

Missiles
 a - 85 arrows
Armour
 l - a +1 pair of gloves (worn)
Jewellery
 n - a ring of positive energy (left hand)
Scrolls
 j - a scroll of noise
Potions
 e - a potion of might {unknown}
 g - a potion of magic {unknown}
 h - a potion of berserk rage {unknown}
 i - a potion of agility {unknown}
 q - a potion of curing {unknown}
Books
 b - a book of Changes

   Spells                             Type                      Level
   a - Beastly Appendage              Transmutation                1
   b - Sticks to Snakes               Transmutation                2
   c - Spider Form                    Transmutation/Poison         3
   d - Ice Form                       Ice/Transmutation            4
   e - Blade Hands                    Transmutation                5
Comestibles
 c - a bread ration
 f - 2 fruits
 m - 5 chunks of flesh


   Skills:
 + Level 1.4 Fighting
 + Level 3.2 Dodging
 + Level 1.2 Stealth
 + Level 5.6 Unarmed Combat
 + Level 3.3 Spellcasting
 + Level 2.7 Transmutations


You had 10 spell levels left.
You knew the following spells:

 Your Spells              Type           Power        Failure   Level  Hunger
a - Beastly Appendage     Tmut           #.....       10%         1    #......


Dungeon Overview and Level Annotations

Branches:
Dungeon (4/15)
 Temple: D:4-7

Altars:


Innate Abilities, Weirdness & Mutations

Your plain brown scales are hard. (AC +6)
You cannot fit into any form of body armour.
You are cold-blooded and may be slowed by cold attacks.


Message History

* * * LOW HITPOINT WARNING * * *
The worker ant bites you but does no damage.
The worker ant barely misses you. The orc hits you but does no damage.
The orc priest mumbles some strange prayers to Beogh against you.
Beogh smites you!
* * * LOW HITPOINT WARNING * * *
The worker ant bites you but does no damage.
The worker ant misses you. The worker ant barely misses you.
You punch the orc priest!
The orc priest is heavily wounded.
The worker ant barely misses you. The orc priest hits you.
* * * LOW HITPOINT WARNING * * *
The worker ant bites you but does no damage.
Unknown command.
Okay, then.
It was a potion of cancellation.
You feel magically purged. The orc priest barely misses you.
The worker ant bites you!
You die...

###########
#.........###
#.........##.
##########..>.........
#.....o.##............
##o####.##............
#..a.#.##.....oo.....
####@#.####.####.....
#o#.###........##.
#..oo..........##.
#...o.o........##.
#............!.##.
#..[...........###
#........#######
#.######## #.


You could see a worker ant, an orc priest and an orc.

Vanquished Creatures
  A vampire bat (D:3)
  A hound (D:4)
  3 orc wizards
  2 worker ants
  5 adders
  2 oozes
  3 worms
  A dart slug (D:2)
  3 fire bats (D:3)
  3 leopard geckos
  10 orcs (D:3)
  2 spectral bats (D:3)
  15 bats
  3 bat skeletons (D:3)
  A bat zombie (D:3)
  5 giant cockroaches
  4 goblins
  10 hobgoblins
  8 jackals
  2 quokkas
  A ball python (D:2)
  A bat simulacrum (D:3)
  5 frilled lizards
  9 kobolds
  7 rats
107 creatures vanquished.

Notes
Turn   | Place    | Note
-------+----------+-------------------------------------------
     0 | D:1      | Lennu the Draconian Transmuter began the quest for the Orb.
     0 | D:1      | Reached XP level 1. HP: 16/16 MP: 3/3
   158 | D:1      | Reached XP level 2. HP: 23/23 MP: 3/5
   807 | D:1      | Reached XP level 3. HP: 20/28 MP: 6/6
  1091 | D:2      | Found a faded altar of an unknown god.
  1739 | D:2      | Reached XP level 4. HP: 35/35 MP: 7/7
  1755 | D:2      | Reached skill level 4 in Unarmed Combat
  2403 | D:3      | Reached XP level 5. HP: 40/40 MP: 6/8
  2609 | D:3      | Reached skill level 5 in Unarmed Combat
  2911 | D:3      | Reached XP level 6. HP: 42/47 MP: 10/10
  3584 | D:3      | Reached skill level 1 in Stealth
  4113 | D:4      | Slain by a worker ant

Skill      XL: |  1  2  3  4  5  6 |
---------------+-------------------+-----
Dodging        | 2 3 |  3.2
Unarmed Combat | 4 5 |  5.6
Spellcasting   | 3 |  3.3
Stealth        | 1 |  1.2
Fighting       | |  1.4
Transmutations | |  2.7

Action                   |  1- 3 |  4- 6 || total
-------------------------+-------+-------++-------
Melee: Unarmed           |   188 |   249 ||   437
       Tailslap          |    16 |    26 ||    42
       Kick              |    10 |    13 ||    23
       Punch             |     1 |       ||     1
       Headbutt          |     5 |    12 ||    17
 Cast: Beastly Appendage |    19 |    35 ||    54
  Use: Scroll            |     2 |     5 ||     7
       Potion            |       |     1 ||     1
 Stab: Sleeping          |     2 |       ||     2
  Eat: Chunk             |     3 |     9 ||    12
Armor: Skin              |    58 |   125 ||   183
Dodge: Dodged            |   109 |   252 ||   361
